 Dungeon Crawl Stone Soup version 0.26-a0-649-gf8c6c3aab7 (webtiles) character file.

Game seed: 12398167080606506340

14 djmy96 the Shield-Bearer (level 2, 24/24 HPs)
             Began as a Formicid Fighter on Sept 26, 2020.
             Quit the game on level 1 of the Dungeon on Sept 27, 2020.
             The game lasted 00:01:23 (386 turns).

djmy96 the Shield-Bearer (Formicid Fighter)          Turns: 386, Time: 00:01:23

Health: 24/24      AC:  8    Str: 20    XL:     2   Next: 60%
Magic:  2/2        EV:  8    Int:  3    God:
Gold:   37         SH:  9    Dex: 10    Spells: 1/1 levels left

rFire    . . .     SeeInvis +   a - +0 long sword
rCold    . . .     Faith    .   c - +0 kite shield
rNeg     . . .     Spirit   .   b - +0 scale mail
rPois    .         Reflect  .   (helmet unavailable)
rElec    .         Harm     .   e - +0 cloak
rCorr    .         Rampage  .   (no gloves)
MR       .....                  (no boots)
Stlth    ..........             (no amulet)
HPRegen  0.08/turn              f - -4 ring of intelligence (curse)
MPRegen  0.08/turn              (no ring)

@: no status effects
A: permanent stasis, dig shafts and tunnels, four strong arms, antennae 3
a: Dig, Shaft Self


You were on level 1 of the Dungeon.
You visited 1 branch of the dungeon, and saw 1 of its levels.

You collected 37 gold pieces.

Inventory:

Hand Weapons
 a - a +0 long sword (weapon)
Armour
 b - a +0 scale mail (worn)
 c - a +0 kite shield (worn)
 e - a +0 cloak (worn)
Jewellery
 f - a cursed -4 ring of intelligence (left hand)
Potions
 d - a potion of might


   Skills:
 + Level 3.6 Fighting
 + Level 2.1 Long Blades
 + Level 3.4 Armour
 + Level 4.0 Shields


You had one spell level left.
You didn't know any spells.
Your spell library was empty.

Dungeon Overview and Level Annotations

Branches:
Dungeon (1/15)

Altars:


Innate Abilities, Weirdness & Mutations

You cannot be hasted, slowed, berserked, paralysed or teleported.
You can dig through walls and to a lower floor.
Your four strong arms can wield two-handed weapons with a shield.
You have a pair of large antennae on your head. (SInv)


Message History

No target in view!
Welcome back, djmy96 the Formicid Fighter.
Press ? for a list of commands and other information.
HP restored.
Things that are here:
a +0 club; a hobgoblin corpse You now have 37 gold pieces (gained 13).
f - a granite ring You feel stupid.
Oops, that ring feels deathly cold.
f - a cursed -4 ring of intelligence (left hand)
Found a leather armour.
You see here a leather armour.
There is a stone staircase leading down here.
A giant cockroach comes into view.
Quiver which item? (- for none, * to show all) (? for menu, Esc to quit)
You don't have any such object.
Quiver which item? (- for none, * to show all) (? for menu, Esc to quit)
Okay, then.
Are you sure you want to abandon this character and quit the game? (Confirm with "yes".)

## # ..s##. ## #....###
#. #......# #. #... #@#
#.
#.#.##.################
........................
.##...#.######.####.....
#.....# #.# #.####
#.#...# #.# #.#
#.##..######.####.#
#..........#......####
######.####.#..###.#8.#


You could see a giant cockroach.

Vanquished Creatures
  2 dart slugs (D:1)
  A giant cockroach (D:1)
  A goblin (D:1)
  A hobgoblin (D:1)
  A kobold (D:1)
  A ball python (D:1)
  2 frilled lizards (D:1)
  2 rats (D:1)
11 creatures vanquished.

Notes
Turn   | Place    | Note
-------+----------+-------------------------------------------
     0 | D:1      | djmy96 the Formicid Fighter began the quest for the Orb.
     0 | D:1      | Reached XP level 1. HP: 18/18 MP: 1/1
    66 | D:1      | Reached XP level 2. HP: 21/24 MP: 2/2
   258 | D:1      | Reached skill level 4 in Shields
   386 | D:1      | Quit the game

Illustrated notes

Levels and vault maps discovered:
D:1:      saegor_arrival_simple_c, layout_basic

Skill      XL: |  1  2 |
---------------+-------+-----
Shields        | 4 |  4.0
Fighting       | |  3.6
Long Blades    | |  2.1
Armour         | |  3.4

Action                   || total
-------------------------++-------
Melee: Long sword        ||    41
Armor: Scale mail        ||    13
Dodge: Dodged            ||     6
Block: Kite shield       ||    25
       Rpst.: Long sword ||     2

Table legend: (Time is in decaauts)
 A = Elapsed time spent in this place.
 B = Non-inter-level travel time spent in this place.
 C = Inter-level travel time spent in this place.
 D = Time resting spent in this place.
 E = Time spent auto-exploring this place.
 F = Levels seen in this place.
 G = Mean time per level.
                   A        B        C        D        E       F      G
               +--------+--------+--------+--------+--------+-----+--------+
         Total |    400 |    400 |      0 |      0 |    296 |   1 |  400.0 |
       Dungeon |    400 |    400 |      0 |      0 |    296 |   1 |  400.0 |
               +--------+--------+--------+--------+--------+-----+--------+

Top non-repeatable levels by time:
     D:1: 400 daAuts
